 Dungeon Crawl Stone Soup version bcrawl-1.21.3 (webtiles) character file.

Game seed: 18149020459268257975

6393 raph the Basher (level 11, -2/79 HPs)
             Began as a Human Archaeologist on Apr 5, 2020.
             Was a Believer of Kikubaaqudgha.
             Hit by a large rock thrown by a cyclops (22 damage)
             ... on level 9 of the Dungeon.
             The game lasted 00:33:22 (10456 turns).

raph the Basher (Human Archaeologist)              Turns: 10456, Time: 00:33:22

Health: -2/79      AC: 16    Str: 16    XL:     11   Next: 17%
Magic:  24/24      EV:  8    Int: 15    God:    Kikubaaqudgha [**....]
Gold:   123        SH:  5    Dex: 15    Spells: 14/15 levels left

rFire    . . .     SeeInvis .   a - +2 whip (flame)
rCold    . . .     Gourm    .   (no shield)
rNeg     . . .     Faith    .   o - +0 chain mail
rPois    .         Spirit   .   c - +1 hat
rElec    .         Reflect  +   t - +1 cloak
rCorr    .         Harm     .   f - +2 pair of gloves {archery}
MR       .....                  d - +1 pair of boots
Stlth    ..........             L - +5 amulet of reflection
HPRegen  0.23/turn              A - ring of magical power
MPRegen  0.19/turn              O - +5 ring of strength

@: no status effects
A: no striking features
a: Receive Corpses, Renounce Religion


You were on level 9 of the Dungeon.
You worshipped Kikubaaqudgha.
Kikubaaqudgha was pleased with you.
You were hungry.

You visited 2 branches of the dungeon, and saw 10 of its levels.

You collected 576 gold pieces.
You spent 453 gold pieces at shops.

Inventory:

Hand Weapons
 a - a +2 whip of flaming (weapon)
 b - a +0 shortbow
 l - the cursed +1 long sword of the Orb {flame, Dex+2, unknown}
   (You found it on level 9 of the Dungeon)

   It has been specially enchanted to burn those struck by it, causing extra
   injury to most foes and up to half again as much damage against particularly
   susceptible opponents.
   Big, fiery blades are also staple armaments of hydra-hunters.
   It affects your dexterity (+2).
   It has a curse placed upon it.
 u - a +0 whip
 J - a +2 morningstar of protection
Missiles
 h - 1500 arrows
 i - 1805 stones
 F - 150 javelins of penetration (quivered)
 P - a throwing net {!f}
Armour
 c - a +1 hat (worn)
 d - a +1 pair of boots (worn)
 f - a +2 pair of gloves of archery (worn)
 j - a +0 ring mail
 k - a +1 robe
 m - a +0 buckler
 o - a +0 chain mail (worn)
 t - a +1 cloak (worn)
Jewellery
 A - a ring of magical power (left hand)
 B - an uncursed amulet of regeneration
 L - a +5 amulet of reflection (around neck)
 M - an uncursed ring of resist corrosion
 O - a +5 ring of strength (right hand)
Wands
 z - a wand of disintegration (19)
 E - a wand of acid (13)
 H - a wand of polymorph (25)
 N - a wand of iceblast (9)
Scrolls
 g - a scroll of magic mapping
 x - a scroll of immolation {unknown}
 y - 3 scrolls of teleportation
 C - a scroll of identify
 I - a scroll of fog
 K - 6 scrolls of remove curse
Potions
 n - a potion of flight
 p - 3 potions of lignification
 q - 2 potions of curing
 r - 3 potions of degeneration
 s - 2 potions of mutation
 v - 2 potions of agility
 w - 2 potions of magic
 D - a potion of invisibility
 G - a potion of ambrosia
Comestibles
 e - 13 rations {!d}


   Skills:
 + Level 5.0 Fighting
 * Level 13.1 Maces & Flails
 - Level 5.8 Bows
 - Level 4.0 Dodging
 - Level 4.4 Stealth
 - Level 2.8 Spellcasting
 + Level 6.2 Necromancy


You had 14 spell levels left.
You knew the following spells:

 Your Spells              Type           Power        Failure   Level  Hunger
a - Animate Skeleton      Necr           N/A          32%         1    #......

Your spell library contained the following spells:

 Spells                   Type           Power        Failure   Level  Hunger
 Pain                     Necr           ###...       32%         1    #......
 Corpse Rot               Necr           N/A          45%         2    ##.....
 Regeneration             Chrm/Necr      ##........   98%         3    ###....
 Confuse                  Hex            #.......     100%        3    ###....
 Dazzling Spray           Conj/Hex       #.....       100%        3    ###....
 Petrify                  Tmut/Erth      #.......     100%        4    #####..
 Yara's Violent Unravell  Hex/Tmut       #.........   100%        4    #####..
 Iskenderun's Battlesphe  Conj/Chrm      #.......     100%        5    ######.
 Metabolic Englaciation   Hex/Ice        #.........   100%        5    ######.
 Piercing Shot            Chrm           #.........   100%        5    ######.
 Silence                  Hex/Air        #.........   100%        5    ######.
 Deflect Missiles         Chrm/Air       #.........   100%        6    #######
 Infestation              Hex/Tmut/Pois  #........    100%        6    #######
 Mana Rupture             Conj/Hex       #.........   100%        7    #######
 Discord                  Hex            #.........   100%        8    #######


Dungeon Overview and Level Annotations

Branches:
Dungeon (9/12)             Temple (1/1) D:6            Lair (0/6) D:7
    Orc: D:8-11

Altars:
Ashenzari
Cheibriados
Dithmenos
Elyvilon
Gozag
Hepliaklqana
Kikubaaqudgha
Lugonu
Makhleb
Nemelex Xobeh
Qazlal
Ru
Sif Muna
Trog
Uskayaw
Vehumet
Wu Jian
Xom
Zin
The Shining One

Shops:
D:6 =

Annotations:
D:8 Gastronok


Message History

The cyclops is severely wounded.
You hit the cyclops. You burn the cyclops.
The cyclops is severely wounded.
The cyclops hits you!
You hit the cyclops but do no damage.
The cyclops is severely wounded.
You hit the cyclops but do no damage.
The cyclops is severely wounded.
The cyclops hits you!
You whack the cyclops! You burn the cyclops.
The cyclops is almost dead.
You hit the cyclops but do no damage.
The cyclops is almost dead.
Your chain mail prevents you from hitting the cyclops.
The cyclops is almost dead.
The cyclops hits you!!
* * * LOW HITPOINT WARNING * * *
The cyclops throws a large rock.
The large rock hits you!!
You die...
Kikubaaqudgha rasps: "You have failed me!
Welcome... death!"

#.#.# ##.......##
#..##.#.##..#. ###.#
##.....##
#.###.#.##..#. # #.#
##...## #.#
#.#.##..#. . ..#
##'## #.# #.#.##....
#.# ###.##### #.#
#.#.#####. ..#
#.......# #.###.#.#
#. ... #.#. #.#
#.......#
#....##.########.###
#.......@........#
#....C#.##########
#.......# ........##
####.... #.### #. #.


You could see a cyclops.

Vanquished Creatures
  Pikel (D:5)
  A cyclops (D:9)
  2 centaur skeletons
  A troll (D:7)
  A hornet (D:7)
  A hippogriff (D:6)
  Sigmund (D:6)
  A wraith (D:9)
  3 yaks
  Duvessa (D:7)
  A water moccasin (D:7)
  An orc warrior (D:6)
  3 ogres
  5 centaurs
  4 wolves (D:7)
  3 bullfrogs
  A big kobold (D:9)
  Dowan (D:7)
  A wyvern skeleton (D:6)
  A scorpion (D:3)
  An electric eel (D:7)
  2 howler monkeys
  3 crimson imps
  A quasit (D:6)
  3 centaur zombies
  8 hounds
  2 jellies (D:5)
  2 orc priests (D:5)
  5 orc wizards
  A bullfrog skeleton (D:7)
  5 worker ants
  Ijyb (D:5)
  A hound zombie (D:6)
  A hound skeleton (D:4)
  A howler monkey zombie (D:6)
  3 gnolls
  10 adders
  2 adder zombies (D:5)
  2 adder skeletons (D:6)
  4 worms
  2 dart slugs
  7 leopard geckos
  12 orcs
  2 ball pythons
  6 bats
  2 giant cockroaches
  11 hobgoblins
  6 jackals
  2 quokkas
  2 frilled lizards
  7 goblins
  A goblin zombie (D:8)
  2 hobgoblin zombies (D:8)
  15 kobolds
  A kobold skeleton (D:8)
  2 leopard gecko skeletons
  An orc skeleton (D:8)
  An orc zombie (D:8)
  9 rats
183 creatures vanquished.

Vanquished Creatures (collateral kills)
  A crocodile (D:9)
  An adder skeleton (D:9)
  An orc (D:9)
  A kobold (D:9)
4 creatures vanquished.

Vanquished Creatures (others)
  A leopard gecko (D:7)
  5 plants (D:8)
6 creatures vanquished.

Grand Total: 193 creatures vanquished

Notes
Turn   | Place    | Note
-------+----------+-------------------------------------------
     0 | D:1      | raph the Human Archaeologist began the quest for the Orb.
     0 | D:1      | Reached XP level 1. HP: 15/15 MP: 1/1
   115 | D:1      | Reached XP level 2. HP: 15/21 MP: 2/2
   831 | D:1      | Reached XP level 3. HP: 26/26 MP: 3/3
   863 | D:1      | Reached skill level 2 in Maces & Flails
  1453 | D:2      | Found a faded altar of an unknown god.
  1604 | D:2      | Reached XP level 4. HP: 16/32 MP: 4/4
  2659 | D:3      | Reached skill level 3 in Maces & Flails
  2661 | D:3      | Reached XP level 5. HP: 33/38 MP: 5/5
  2661 | D:3      | Identified a scroll of acquirement
  2788 | D:3      | Identified the ring "Duocig" {Int+3 Stlth+} (You acquired
                  | it on level 3 of the Dungeon)
  2859 | D:3      | Noticed a centaur
  3440 | D:2      | Reached skill level 4 in Maces & Flails
  3610 | D:3      | Reached XP level 6. HP: 35/44 MP: 6/6
  3618 | D:3      | Reached skill level 5 in Maces & Flails
  4287 | D:4      | Reached skill level 1 in Bows
  4341 | D:4      | Found a white marble altar of Elyvilon.
  4357 | D:4      | Reached XP level 7. HP: 50/50 MP: 7/7
  4507 | D:4      | Reached skill level 6 in Maces & Flails
  4669 | D:5      | Entered Level 5 of the Dungeon
  4766 | D:5      | Noticed Ijyb
  4789 | D:5      | Killed Ijyb
  4834 | D:5      | Reached skill level 7 in Maces & Flails
  4846 | D:5      | Noticed Pikel
  4871 | D:5      | Killed Pikel
  4871 | D:5      | Reached skill level 8 in Maces & Flails
  4871 | D:5      | Reached XP level 8. HP: 42/56 MP: 8/8
  5097 | D:5      | Reached skill level 9 in Maces & Flails
  5614 | D:6      | Reached skill level 5 in Bows
  5614 | D:6      | Reached XP level 9. HP: 53/61 MP: 9/9
  5887 | D:6      | Reached skill level 10 in Maces & Flails
  5966 | D:6      | Found a staircase to the Ecumenical Temple.
  6001 | Temple   | Entered the Ecumenical Temple
  6093 | Temple   | Became a worshipper of Kikubaaqudgha
  6337 | D:6      | Reached skill level 1 in Necromancy
  6629 | D:6      | Found Goles's Jewellery Emporium.
  6633 | D:6      | Noticed Sigmund
  6649 | D:6      | Reached skill level 1 in Spellcasting
  6675 | D:6      | Killed Sigmund
  6761 | D:6      | Bought a +5 ring of strength for 453 gold pieces
  6796 | D:6      | Noticed a hippogriff
  6807 | D:6      | Killed a hippogriff
  6968 | D:6      | Found a shimmering blue altar of Sif Muna.
  7002 | D:6      | Found an opulent altar of Gozag.
  7002 | D:6      | Found a glowing silver altar of Zin.
  7529 | D:7      | Noticed Duvessa
  7529 | D:7      | Noticed a hornet
  7529 | D:7      | Noticed a troll
  7529 | D:7      | Noticed Dowan
  7565 | D:7      | Killed a hornet
  7565 | D:7      | Reached skill level 11 in Maces & Flails
  7572 | D:7      | Killed Duvessa
  7581 | D:7      | Killed Dowan
  7581 | D:7      | Reached XP level 10. HP: 36/67 MP: 13/13
  7778 | D:7      | Reached * piety under Kikubaaqudgha
  7778 | D:7      | Identified Kikubaaqudgha's Guide on Stolen Souls
                  | (Kikubaaqudgha gifted it to you on level 7 of the Dungeon)
  7778 | D:7      | Received a gift from Kikubaaqudgha
  7989 | D:6      | Learned a level 1 spell: Animate Skeleton
  8485 | D:7      | Found a staircase to the Lair.
  9226 | D:7      | Reached skill level 12 in Maces & Flails
  9528 | D:8      | Found a glowing golden altar of the Shining One.
  9604 | D:8      | Noticed Gastronok
  9622 | D:9      | Reached skill level 5 in Necromancy
  9721 | D:9      | Reached ** piety under Kikubaaqudgha
  9998 | D:9      | Got a translucent long sword
 10022 | D:9      | Reached XP level 11. HP: 72/78 MP: 15/15
 10056 | D:9      | Noticed a cyclops
 10074 | D:9      | Killed a cyclops
 10158 | D:9      | Reached skill level 13 in Maces & Flails
 10273 | D:9      | Reached skill level 5 in Fighting
 10414 | D:9      | Noticed a cyclops
 10456 | D:9      | Hit by a large rock thrown by a cyclops

Skill      XL: |  1  2  3  4  5  6  7  8  9 10 11 |
---------------+----------------------------------+-----
Stealth        | 4 |  4.4
Maces & Flails | 2 3 4 5 8 9 11 12 13 | 13.1
Dodging        | 4 |  4.0
Fighting       | 2 4 5 |  5.0
Bows           | 1 4 5 |  5.8
Necromancy     | 3 5 6 |  6.2
Spellcasting   | 2 |  2.8

Action                   |  1- 3 |  4- 6 |  7- 9 | 10-12 || total
-------------------------+-------+-------+-------+-------++-------
Melee: Whip              |   206 |    91 |   249 |   428 ||   974
       Morningstar       |       |   136 |    65 |       ||   201
       Shortbow          |       |       |     1 |       ||     1
 Fire: Shortbow          |       |       |    31 |    27 ||    58
Throw: Stone             |     3 |    16 |       |       ||    19
 Cast: Animate Skeleton  |       |       |       |     8 ||     8
Evoke: Wand              |       |       |     1 |       ||     1
  Use: Scroll            |       |    11 |     4 |     1 ||    16
       Potion            |       |       |     1 |       ||     1
 Stab: Sleeping          |     2 |       |       |       ||     2
  Eat: Chunk             |     2 |     6 |    10 |     6 ||    24
       Ration            |       |     1 |       |     1 ||     2
Armor: Robe              |    18 |       |       |       ||    18
       Ring mail         |    63 |       |       |       ||    63
       Chain mail        |     6 |   177 |   154 |   120 ||   457
Dodge: Dodged            |   158 |    64 |    80 |    90 ||   392
Block: Buckler           |     4 |    23 |       |       ||    27
       Other             |       |       |    50 |    62 ||   112
       Reflection        |       |       |     2 |     2 ||     4
